 Dungeon Sprint DCSS version bcrawl-1.36 (webtiles) character file.

Game seed: 1589393916440062865

2400824 Baz the Devastator (level 13, -15/96 HPs)
             Began as a Fairy Air Elementalist on Apr 1, 2022.
             Was the Champion of Vehumet.
             Demolished by a rockslime (40 damage)
             ... in the Dungeon (Sprint IX: "|||||||||||||||||||||||||||||").
             The game lasted 00:12:38 (1523 turns).

Baz the Devastator (Fairy Air Elementalist)         Turns: 1523, Time: 00:12:39

Health: -15/96     AC: 14    Str:  6    XL:     13   Next: 2%
Magic:  16/36      EV: 29    Int: 33    God:    Vehumet [******]
Gold:   951        SH:  7    Dex: 17    Spells: 11/47 levels left

rFire    . . .     SeeInvis +   B - +6 lajatang of Ashenzari's Delight {drain, Int+7 Dex+3 SInv}
rCold    . . .     Gourm    .   (shield currently unavailable)
rNeg     . . .     Faith    .   (armour unavailable)
rPois    .         Spirit   .   a - +2 hat {MR+}
rElec    .         Reflect  .   D - +1 cloak
rCorr    .         NoTele   +   o - +0 pair of gloves
MR       ++...                  C - +1 pair of boots
Stlth    +.........             (no amulet)
HPRegen  0.26/turn              q - +3 ring of intelligence
MPRegen  0.25/turn              r - +2 ring of evasion

@: flying evasively
A: small, magic attunement, unstealthy, unfitting armour, able to fly, AC/SH +7
a: Stop Flying, Renounce Religion


You were in the Dungeon.
You worshipped Vehumet.
Vehumet was exalted by your worship.
You were hungry.

You visited 1 branch You collected 1650 gold pieces.
You spent 699 gold pieces at shops.

Inventory:

Hand Weapons
 B - the +6 lajatang of Ashenzari's Delight (weapon) {drain, Int+7 Dex+3 SInv}
   (You found it in the Dungeon)

   A truly terrible weapon, it drains the life of those it strikes.
   It affects your intelligence (+7).
   It affects your dexterity (+3).
   It lets you see invisible.
Armour
 a - a +2 hat of magic resistance (worn)
 o - a +0 pair of gloves (worn)
 p - a +0 cloak
 x - a +0 helmet
 C - a +1 pair of boots (worn)
 D - a +1 cloak (worn)
Magical Staves
 n - an uncursed staff of power
Jewellery
 q - a +3 ring of intelligence (left hand)
 r - a +2 ring of evasion (right hand)
 y - an uncursed ring of fire
 A - the ring "Fellyl" {Fire MR+}
   (You found it in the Dungeon)

   [ring of fire]

   It enhances your fire magic.
   It protects you from fire.
   It makes you vulnerable to cold.
   It affects your resistance to hostile enchantments.
Wands
 m - a wand of acid (5)
Scrolls
 i - 4 scrolls of identify
 k - 5 scrolls of remove curse
 l - 2 scrolls of amnesia
 t - 2 scrolls of blinking
 u - 4 scrolls of enchant armour
 v - a scroll of fog
 w - 3 scrolls of fear
 G - 2 scrolls of enchant weapon
Potions
 b - a potion of flight
 c - 10 potions of heal wounds
 d - 11 potions of curing
 f - a potion of haste
 g - 3 potions of magic
 h - 2 potions of berserk rage
 j - 3 potions of invisibility
 s - 4 potions of agility
 z - 2 potions of cancellation
 E - a potion of mutation
 F - a potion of might
Comestibles
 e - 11 rations {!d}


   Skills:
 + Level 11.9 Fighting
 - Level 11.8 Dodging
 - Level 1.5 Stealth
 + Level 17.7 Spellcasting
 + Level 19.1 Conjurations
 * Level 15.7 Fire Magic
 - Level 10.7 Ice Magic
 - Level 11.7 Air Magic


You had 11 spell levels left.
You knew the following spells:

 Your Spells              Type           Power        Failure   Level  Hunger
a - Shock                 Conj/Air       #####        0%          1    None
b - Static Discharge      Air            #######.     1%          3    None
c - Airstrike             Air            #######...   1%          4    None
d - Swiftness             Chrm/Air       ######..     1%          2    None
e - Lightning Bolt        Conj/Air       #######...   1%          5    None
f - Flame Tongue          Conj/Fire      #####        0%          1    None
g - Mephitic Cloud        Conj/Pois/Air  #######.     1%          3    None
h - Bolt of Cold          Conj/Ice       #######...   1%          6    None
i - Fireball              Conj/Fire      #######...   1%          5    None
j - Bolt of Fire          Conj/Fire      #######...   1%          6    None

Your spell library contained the following spells:

 Spells                   Type           Power        Failure   Level  Hunger
 Freezing Cloud           Ice/Air        #######...   1%          6    None
 Ensorcelled Hibernation  Hex/Ice        ######       1%          2    None
 Borgnjor's Vile Clutch   Necr/Erth      ####......   89%         6    None
 Darkness                 Hex            ####......   89%         6    None
 Infestation              Hex/Tmut/Pois  ####.....    89%         6    None
 Shadow Creatures         Summ           N/A          100%        7    None
 Time Stop                Chrm/Tloc      N/A          100%        8    None


Dungeon Overview and Level Annotations

Branches:
Dungeon (1/1)

Altars:
Cheibriados
Dithmenos
Elyvilon
Fedhas
Gozag
Hepliaklqana
Kikubaaqudgha
Lugonu
Makhleb
Nemelex Xobeh
Okawaru
Qazlal
Ru
Sif Muna
Trog
Uskayaw
Vehumet
Wu Jian
Xom
Yredelemnul
Zin
The Shining One
Beogh
Jiyva

Shops:
D %*?


Innate Abilities, Weirdness & Mutations

Your spells do not cause hunger and MP costs are reduced by 1.
Your bright wings attract enemies. (Stealth-)
You cannot fit into any form of body armour.
Your shimmering scales are hard and can block incoming attacks. (AC +7, SH +7)
You are small and have problems with some larger weapons.
You can fly continuously.


Message History

No path to travel!
Casting: Bolt of Fire (safe; 1% risk of failure)
Confirm with . or Enter, or press ? or * to list all spells.
Aiming: Bolt of Fire (safe; 1% risk of failure)
Press: ? - help, Shift-Dir - straight line, f/p - rockslime
Aim: a rockslime (heavily damaged, confused)
The bolt of fire hits the rockslime!!
The rockslime resists.
The rockslime is severely damaged.
No path to travel!
Casting: Bolt of Fire (safe; 1% risk of failure)
Confirm with . or Enter, or press ? or * to list all spells.
Aiming: Bolt of Fire (safe; 1% risk of failure)
Press: ? - help, Shift-Dir - straight line, f/p - rockslime
Aim: a rockslime (severely damaged, confused)
The bolt of fire hits the rockslime!
The rockslime resists.
The rockslime is severely damaged.
The rockslime seems less confused.
The rockslime hits you!!!
* * * LOW HITPOINT WARNING * * *
You are shoved backwards!
The rockslime hits you!!!
You die...

,,,,,,,,,,,,,,,,,,,,+,,,,,,,,,,,,
*********************************
,,,,,,,,,,,,,,,,,,,,,,,,,,,,,,,,,
*********************************
,+,,,,,,,,,+,,,,,,,,,+,,,,,,,,,+,
*********************************
,,,,,,,,,,,,,,,,,,,,,,,,,,,,,,,,,
▓▓▓▓▓▓▓▓▓▓▓▓▓▓▓▓▓▓▓▓▓▓▓▓▓▓▓▓▓▓▓▓▓
.......()[.))).J@........[..[[[[[
▓▓▓▓▓▓▓▓▓▓▓▓▓▓▓▓▓▓▓▓▓▓▓▓▓▓▓▓▓▓▓▓▓
.........).....).................
▓▓▓▓▓▓▓▓▓▓▓▓▓▓▓▓▓▓▓▓▓▓▓▓▓▓▓▓▓▓▓▓▓
....∩)∩)∩.∩..))))......))))).)...
▓▓▓▓▓▓▓▓▓▓▓▓▓▓▓▓▓▓▓▓▓▓▓▓▓▓▓▓▓▓▓▓▓
.................................
▓▓▓▓▓▓▓▓▓▓▓▓▓▓▓▓▓▓▓▓▓▓▓▓▓▓▓▓▓▓▓▓▓
..')).[..†..†.†'......÷†.†.....÷÷


You could see a rockslime.

Vanquished Creatures
  Gastronok (D)
  A stone giant (D)
  A spriggan defender (D)
  An ettin (D)
  A centaur warrior (D)
  Psyche (D)
  A two-headed ogre (D)
  A deep troll earth mage (D)
  A death yak (D)
  A tengu warrior (D)
  An orc high priest (D)
  A lindwurm (D)
  5 orc knights (D)
  An ugly thing (D)
  6 orc sorcerers (D)
  An elephant (D)
  3 cane toads (D)
  2 gargoyles (D)
  A yaktaur (D)
  3 komodo dragons (D)
  A polar bear (D)
  A tyrant leech (D)
  2 trolls (D)
  A blink frog (D)
  Grum (D)
  A hippogriff (D)
  A tarantella (shapeshifter) (D)
  A wyvern (D)
  2 vampire mosquitoes (D)
  3 crocodiles (D)
  A water moccasin (D)
  A porcupine (D)
  12 orc warriors (D)
  A black bear (D)
  A wolf (D)
  A boggart (D)
  8 bullfrogs (D)
  An orc priest (D)
  A crimson imp (D)
  A jelly (D)
  4 orc wizards (D)
  A worker ant (D)
  13 orcs (D)
  2 bat skeletons (D)
  A bat zombie (D)
  A hobgoblin (D)
  A jackal (D)
  A kobold (D)
  A quokka (D)
  A bat (D)
  A goblin (D)
103 creatures vanquished.

Notes
Turn   | Place    | Note
-------+----------+-------------------------------------------
     0 | D        | Baz the Fairy Air Elementalist began the quest for the Orb.
     0 | D        | Reached XP level 1. HP: 11/11 MP: 6/6
     5 | D        | Reached skill level 1 in Fighting
     5 | D        | Reached skill level 2 in Conjurations
    13 | D        | Noticed a black bear
    18 | D        | Reached XP level 2. HP: 17/18 MP: 6/8
    21 | D        | Killed a black bear
    22 | D        | Reached skill level 5 in Spellcasting
    22 | D        | Reached skill level 5 in Conjurations
    22 | D        | Reached XP level 3. HP: 22/27 MP: 7/12
    22 | D        | Reached XP level 4. HP: 27/33 MP: 7/13
    53 | D        | Found a roughly hewn altar of Beogh.
    53 | D        | Found a snail-covered altar of Cheibriados.
    53 | D        | Found a shadowy altar of Dithmenos.
    53 | D        | Found a white marble altar of Elyvilon.
    53 | D        | Found a blossoming altar of Fedhas.
    53 | D        | Found an opulent altar of Gozag.
    54 | D        | Found a hazy altar of Hepliaklqana.
    55 | D        | Found a viscous altar of Jiyva.
    56 | D        | Found an ancient bone altar of Kikubaaqudgha.
    57 | D        | Found a corrupted altar of Lugonu.
    58 | D        | Found a burning altar of Makhleb.
    59 | D        | Found a sparkling altar of Nemelex Xobeh.
    60 | D        | Found an iron altar of Okawaru.
    61 | D        | Found a stormy altar of Qazlal.
    62 | D        | Found a sacrificial altar of Ru.
    63 | D        | Found a shimmering blue altar of Sif Muna.
    64 | D        | Found a bloodstained altar of Trog.
    65 | D        | Found a hide-covered altar of Uskayaw.
    66 | D        | Found a radiant altar of Vehumet.
    67 | D        | Found an ornate altar of the Wu Jian Council.
    68 | D        | Found a shimmering altar of Xom.
    69 | D        | Found a basalt altar of Yredelemnul.
    70 | D        | Found a glowing silver altar of Zin.
    71 | D        | Found a glowing golden altar of the Shining One.
    74 | D        | Became a worshipper of Vehumet
   132 | D        | Learned a level 3 spell: Static Discharge
   137 | D        | Learned a level 4 spell: Airstrike
   140 | D        | Learned a level 2 spell: Swiftness
   141 | D        | Noticed a tengu warrior
   141 | D        | Noticed a green ugly thing
   141 | D        | Noticed an orc warrior
   141 | D        | Noticed a troll
   141 | D        | Noticed a bullfrog
   146 | D        | Killed a troll
   147 | D        | Reached skill level 5 in Fighting
   147 | D        | Reached skill level 7 in Conjurations
   147 | D        | Reached XP level 5. HP: 22/41 MP: 17/17
   147 | D        | Reached XP level 6. HP: 24/46 MP: 19/19
   147 | D        | Killed an orc warrior
   147 | D        | Reached * piety under Vehumet
   147 | D        | Offered knowledge of Flame Tongue by Vehumet.
   148 | D        | Reached skill level 8 in Conjurations
   149 | D        | Reached XP level 7. HP: 26/53 MP: 21/21
   150 | D        | Killed a green ugly thing
   151 | D        | Reached skill level 10 in Spellcasting
   151 | D        | Reached skill level 10 in Conjurations
   151 | D        | Reached skill level 10 in Air Magic
   151 | D        | Killed a tengu warrior
   151 | D        | Reached ** piety under Vehumet
   152 | D        | Reached skill level 11 in Conjurations
   152 | D        | Reached XP level 8. HP: 29/62 MP: 25/25
   235 | D        | Learned a level 5 spell: Lightning Bolt
   237 | D        | Learned a level 1 spell: Flame Tongue
   245 | D        | Noticed a wyvern
   246 | D        | Offered knowledge of Throw Frost by Vehumet.
   246 | D        | Reached *** piety under Vehumet
   246 | D        | Killed a wyvern
   247 | D        | Reached skill level 12 in Conjurations
   247 | D        | Reached XP level 9. HP: 68/68 MP: 26/26
   371 | D        | Noticed a komodo dragon
   371 | D        | Noticed a komodo dragon
   372 | D        | Offered knowledge of Mephitic Cloud by Vehumet.
   372 | D        | Noticed an elephant
   373 | D        | Reached **** piety under Vehumet
   373 | D        | Killed a komodo dragon
   374 | D        | Reached skill level 13 in Conjurations
   374 | D        | Reached skill level 5 in Fire Magic
   374 | D        | Killed a komodo dragon
   376 | D        | Killed an elephant
   376 | D        | Reached ***** piety under Vehumet
   376 | D        | Noticed a komodo dragon
   377 | D        | Reached skill level 10 in Fighting
   377 | D        | Reached skill level 14 in Conjurations
   378 | D        | Killed a komodo dragon
   379 | D        | Reached XP level 10. HP: 76/76 MP: 24/29
   384 | D        | Learned a level 3 spell: Mephitic Cloud
   439 | D        | Noticed a death yak
   439 | D        | Noticed a lindwurm
   441 | D        | Killed a lindwurm
   441 | D        | Offered knowledge of Fulminant Prism by Vehumet.
   443 | D        | Reached skill level 15 in Conjurations
   443 | D        | Killed a death yak
   444 | D        | Reached ****** piety under Vehumet
   536 | D        | Noticed a cane toad
   536 | D        | Noticed a cane toad
   537 | D        | Noticed a cane toad
   538 | D        | Killed a cane toad
   538 | D        | Killed a cane toad
   539 | D        | Reached skill level 16 in Conjurations
   540 | D        | Reached skill level 10 in Fire Magic
   542 | D        | Killed a cane toad
   543 | D        | Reached skill level 5 in Dodging
   543 | D        | Reached XP level 11. HP: 65/82 MP: 31/31
   668 | D        | Noticed Gastronok
   678 | D        | Killed Gastronok
   678 | D        | Offered knowledge of Inner Flame by Vehumet.
   679 | D        | Reached skill level 15 in Spellcasting
   679 | D        | Reached skill level 17 in Conjurations
   830 | D        | Offered knowledge of Bolt of Cold by Vehumet.
   834 | D        | Noticed an orc knight
   839 | D        | Learned a level 6 spell: Bolt of Cold
   842 | D        | Killed an orc knight
   903 | D        | Noticed an orc knight
   903 | D        | Noticed an orc knight
   905 | D        | Offered knowledge of Bolt of Magma by Vehumet.
   907 | D        | Killed an orc knight
   911 | D        | Killed an orc knight
   912 | D        | Reached skill level 5 in Ice Magic
   917 | D        | Reached skill level 10 in Dodging
  1103 | D        | Found Dautat's Magic Scroll Boutique.
  1103 | D        | Noticed an orc sorcerer
  1103 | D        | Noticed an orc sorcerer
  1104 | D        | Noticed a sixfirhy
  1104 | D        | Offered knowledge of Fireball by Vehumet.
  1104 | D        | Killed an orc sorcerer
  1104 | D        | Noticed an orc sorcerer
  1106 | D        | Noticed an orc knight
  1107 | D        | Killed an orc sorcerer
  1108 | D        | Reached XP level 12. HP: 89/89 MP: 34/34
  1113 | D        | Found Moghitust's Distillery.
  1113 | D        | Noticed an orc high priest
  1115 | D        | Found Ofobeiji's General Store.
  1118 | D        | Killed an orc high priest
  1119 | D        | Reached skill level 18 in Conjurations
  1120 | D        | Found Uxijest's Food Shop.
  1123 | D        | Reached skill level 10 in Ice Magic
  1178 | D        | Bought a scroll of magic mapping for 49 gold pieces
  1189 | D        | Learned a level 5 spell: Fireball
  1194 | D        | Bought a potion of agility for 40 gold pieces
  1196 | D        | Bought a potion of cancellation for 65 gold pieces
  1196 | D        | Bought 2 potions of curing for 65 gold pieces
  1196 | D        | Bought a potion of invisibility for 104 gold pieces
  1196 | D        | Bought a potion of curing for 32 gold pieces
  1196 | D        | Bought a potion of curing for 32 gold pieces
  1196 | D        | Bought a potion of berserk rage for 39 gold pieces
  1196 | D        | Bought a potion of cancellation for 65 gold pieces
  1196 | D        | Bought a potion of invisibility for 104 gold pieces
  1196 | D        | Bought a potion of agility for 52 gold pieces
  1196 | D        | Bought a potion of agility for 52 gold pieces
  1229 | D        | Noticed Psyche
  1231 | D        | Killed Psyche
  1231 | D        | Offered knowledge of Bolt of Fire by Vehumet.
  1239 | D        | Learned a level 6 spell: Bolt of Fire
  1251 | D        | Noticed Grum
  1253 | D        | Killed Grum
  1328 | D        | Got the ring "Fellyl" {Fire MR+}
  1339 | D        | Got the +6 lajatang of Ashenzari's Delight {drain, Int+7
                  | Dex+3 SInv}
  1443 | D        | Noticed a centaur warrior
  1443 | D        | Noticed a two-headed ogre
  1445 | D        | Killed a two-headed ogre
  1445 | D        | Killed a centaur warrior
  1445 | D        | Offered knowledge of Freezing Cloud by Vehumet.
  1447 | D        | Noticed a deep troll earth mage
  1449 | D        | Killed a deep troll earth mage
  1449 | D        | Noticed a spriggan defender
  1451 | D        | Noticed a stone giant
  1453 | D        | Killed a spriggan defender
  1454 | D        | Reached skill level 15 in Fire Magic
  1454 | D        | Killed a stone giant
  1454 | D        | Noticed an ettin
  1455 | D        | Reached skill level 19 in Conjurations
  1491 | D        | Killed an ettin
  1492 | D        | Reached XP level 13. HP: 96/96 MP: 24/36
  1503 | D        | Noticed a rockslime
  1523 | D        | Demolished by a rockslime

Skill      XL: |  1  2  3  4  5  6  7  8  9 10 11 12 |
---------------+-------------------------------------+-----
Fighting       | 1 3 5 6 8 9 10 11 | 11.9
Spellcasting   | 3 5 8 9 11 13 14 16 17 | 17.7
Conjurations   | 2 5 7 8 11 12 14 16 17 19 | 19.1
Air Magic      | 4 6 8 9 11 | 11.7
Fire Magic     | 3 6 10 13 15 | 15.7
Dodging        | 5 10 11 | 11.8
Ice Magic      | 7 10 | 10.7
Stealth        | |  1.5

Action                   |  1- 3 |  4- 6 |  7- 9 | 10-12 | 13-15 || total
-------------------------+-------+-------+-------+-------+-------++-------
 Cast: Shock             |    11 |     5 |     3 |     1 |       ||    20
       Swiftness         |       |     1 |       |       |       ||     1
       Static Discharge  |       |       |     1 |       |       ||     1
       Lightning Bolt    |       |       |     8 |    35 |       ||    43
       Airstrike         |       |       |     1 |     1 |       ||     2
       Bolt of Cold      |       |       |       |    21 |       ||    21
       Mephitic Cloud    |       |       |       |     1 |       ||     1
       Bolt of Fire      |       |       |       |    10 |     9 ||    19
Evoke: Wand              |       |     2 |     2 |       |     1 ||     5
  Use: Scroll            |       |       |       |     1 |       ||     1
       Potion            |       |       |       |       |     3 ||     3
  Eat: Chunk             |       |       |       |     3 |       ||     3
Armor: Skin              |     1 |     1 |       |       |     1 ||     3
Dodge: Dodged            |     9 |     3 |     3 |    12 |     6 ||    33
Block: Other             |     1 |     2 |       |       |     1 ||     4
